 Dungeon Crawl Stone Soup version 0.26-a0-466-g989023bd0d (webtiles) character file.

Game seed: 16388230956548608762

90 Apogee the Chopper (level 4, -2/41 HPs)
             Began as a Hill Orc Monk on Aug 6, 2020.
             Slain by Grinder (5 damage)
             ... while paralysed by Grinder
             ... on level 3 of the Dungeon.
             The game lasted 00:02:04 (2142 turns).

Apogee the Chopper (Hill Orc Monk)                  Turns: 2142, Time: 00:02:04

Health: -2/41      AC:  7    Str: 14    XL:     4   Next: 56%
Magic:  4/4        EV:  2    Int: 10    God:
Gold:   103        SH:  0    Dex: 13    Spells: 3/3 levels left

rFire    . . .     SeeInvis .   a - +0 hand axe
rCold    . . .     Faith    .   (no shield)
rNeg     . . .     Spirit   .   h - +0 ring mail
rPois    .         Reflect  .   e - +1 hat
rElec    .         Harm     .   g - +0 cloak
rCorr    .                      (no gloves)
MR       .....                  (no boots)
Stlth    +.........             (no amulet)
HPRegen  0.13/turn              (no ring)
MPRegen  0.09/turn              (no ring)

@: paralysed
A: no striking features
a: no special abilities


You were on level 3 of the Dungeon.
You visited 1 branch of the dungeon, and saw 3 of its levels.

You collected 103 gold pieces.

Inventory:

Hand Weapons
 a - a +0 hand axe (weapon)
Armour
 b - a +0 robe
 e - a +1 hat (worn)
   (You found it on level 1 of the Dungeon)
 g - a +0 cloak (worn)
   (You found it on level 2 of the Dungeon)
 h - a +0 ring mail (worn)
   (You found it on level 2 of the Dungeon)
 l - a +0 pair of gloves
   (You found it on level 2 of the Dungeon)
Jewellery
 m - a cursed amulet of inaccuracy {unknown}
   (You found it on level 2 of the Dungeon)
Scrolls
 c - a scroll of fog {unknown}
 d - 2 scrolls of noise {unknown}
 i - a scroll of random uselessness {unknown}
 j - a scroll of teleportation {unknown}
Potions
 f - a potion of flight {unknown}
 k - a potion of heal wounds {unknown}
 n - a potion of might {unknown}
 o - a potion of ambrosia {unknown}


   Skills:
 + Level 4.4 Fighting
 * Level 5.7 Axes
 + Level 2.9 Dodging
 - Level 1.5 Stealth


You had 3 spell levels left.
You didn't know any spells.
Your spell library contained the following spells:

 Spells                   Type           Power        Failure   Level
 Beastly Appendage        Tmut           #.....       61%         1
 Wereblood                Tmut           #.......     75%         2
 Spider Form              Tmut/Pois      #.........   93%         3
 Ice Form                 Ice/Tmut       #.......     100%        4
 Blade Hands              Tmut           #.........   100%        5


Dungeon Overview and Level Annotations

Branches:
Dungeon (3/15)

Altars:
Ashenzari
Elyvilon

Annotations:
D:3 Grinder


Message History

The bat closely misses you. x2; The adder bites you but does no damage. x2
A kobold comes into view. It is wielding a +0 short sword.
The kobold shouts!
The bat barely misses you. The kobold barely misses you.
A hobgoblin comes into view. It is wielding a +0 club.
The adder barely misses you.
Found 20 sling bullets.
There is a stone staircase leading up here.
You hit Grinder but do no damage. You barely miss the adder.
You miss the kobold. The bat hits you but does no damage.
The kobold hits you but does no damage. The adder bites you.
Grinder barely misses you.
You barely miss Grinder. You closely miss the kobold.
You closely miss the adder. The bat hits you but does no damage.
The adder barely misses you. The kobold hits you but does no damage.
Grinder hits you but does no damage.
You barely miss Grinder. You barely miss the adder.
You hit the kobold but do no damage. You closely miss the bat.
The bat barely misses you. The adder misses you.
An adder comes into view.
The kobold hits you with a +0 dagger. Grinder gestures at you.
You suddenly lose the ability to move!
The adder bites you but does no damage.
The adder moves out of view.
The kobold hits you but does no damage. The bat hits you but does no damage.
The adder bites you but does no damage. Grinder hits you!
You writhe in agony.
The bat hits you but does no damage. x2
The adder bites you but does no damage. The kobold hits you but does no damage.
Grinder gestures at you. Pain shoots through your body!
* * * LOW HITPOINT WARNING * * *
The bat hits you.
* * * LOW HITPOINT WARNING * * *
The adder bites you but does no damage.
The kobold hits you with a +0 short sword.
* * * LOW HITPOINT WARNING * * *
The kobold hits you but does no damage. Grinder hits you but does no damage.
The adder barely misses you.
The adder hisses angrily.
The bat hits you but does no damage. The kobold barely misses you.
The kobold hits you but does no damage. The adder bites you.
* * * LOW HITPOINT WARNING * * *
Grinder hits you.
* * * LOW HITPOINT WARNING * * *
You writhe in agony.
* * * LOW HITPOINT WARNING * * *
The bat hits you but does no damage. The adder bites you.
* * * LOW HITPOINT WARNING * * *
The kobold hits you but does no damage. x2; Grinder hits you.
You die...

......# ......##
######## .[.....####
##......## ..........##
##........#
......###..###..........
.##.### ##...#..........
..#...# ###............
...##.# ##....K......
...##.#######..S@.......
...##.........#g5Kb..(.#
..............#........#
..........>.............
...###..................
...###..............S...
..#......####...........
.##......# .........(..
.#...##.##.


You could see Grinder, 2 adders, a hobgoblin, a bat and 2 kobolds.

Vanquished Creatures
  4 adders
  A worm (D:3)
  4 dart slugs
  A leopard gecko (D:1)
  An orc (D:3)
  9 bats
  A giant cockroach (D:1)
  4 goblins
  2 hobgoblins (D:2)
  4 jackals (D:1)
  A ball python (D:2)
  3 frilled lizards
  5 kobolds
  5 rats
45 creatures vanquished.

Notes
Turn   | Place    | Note
-------+----------+-------------------------------------------
     0 | D:1      | Apogee the Hill Orc Monk began the quest for the Orb.
     0 | D:1      | Reached XP level 1. HP: 19/19 MP: 1/1
   173 | D:1      | Reached XP level 2. HP: 16/27 MP: 2/2
   812 | D:1      | Reached XP level 3. HP: 33/33 MP: 3/3
  1090 | D:2      | Reached skill level 5 in Axes
  1307 | D:2      | Found a shattered altar of Ashenzari.
  1401 | D:2      | Found a white marble altar of Elyvilon.
  1583 | D:2      | Reached XP level 4. HP: 34/40 MP: 4/4
  2130 | D:3      | Noticed Grinder
  2137 | D:3      | Paralysed by Grinder for 6 turns
  2142 | D:3      | Slain by Grinder

Illustrated notes

Levels and vault maps discovered:
D:1:      lightli_arrival_chessboard, layout_loops_cross
D:2:      layout_basic, elyvilon_altar_5, nicolae_ashenzari_panopticon
D:3:      layout_rooms, grunt_temple_overflow_growth_and_decay,
          okawaru_ov_weapons_minmay, chequers_ecumenical_altar_simple_redux,
          uniq_grinder

Skill      XL: |  1  2  3 |
---------------+----------+-----
Fighting       | 4 |  4.4
Axes           | 5 |  5.7
Dodging        | |  2.9
Stealth        | |  1.5

Action                   |  1- 3 |  4- 6 || total
-------------------------+-------+-------++-------
Melee: Hand axe          |   117 |    50 ||   167
 Stab: Sleeping          |     3 |       ||     3
Armor: Robe              |    26 |       ||    26
       Ring mail         |     7 |    38 ||    45
Dodge: Dodged            |    97 |    44 ||   141

Table legend: (Time is in decaauts)
 A = Elapsed time spent in this place.
 B = Non-inter-level travel time spent in this place.
 C = Inter-level travel time spent in this place.
 D = Time resting spent in this place.
 E = Time spent auto-exploring this place.
 F = Levels seen in this place.
 G = Mean time per level.
                   A        B        C        D        E       F      G
               +--------+--------+--------+--------+--------+-----+--------+
         Total |   2150 |   2055 |     95 |    239 |   1473 |   3 |  716.7 |
       Dungeon |   2150 |   2055 |     95 |    239 |   1473 |   3 |  716.7 |
               +--------+--------+--------+--------+--------+-----+--------+

Top non-repeatable levels by time:
     D:1: 1055 daAuts
     D:2: 841 daAuts
     D:3: 253 daAuts
